Map: [ESL] Goldenaura

Players

trigger - Winner!

  • Race: Protoss Protoss
  • Spawn Location: 5:00

Dolan

  • Race: Terran Terran
  • Spawn Location: 12:00

Event: ESL SC2 Masters 2023 Winter (Regional)

VOD

Have the link to the VOD?

Description

Time

  • Played on: Oct. 26, 2023, 4:23 p.m.
  • Length: 13:38

All games in this series

Show
View Real Time Build Order
Export as new Build Order

trigger Protoss - Winner!

Build Orders: 1 Gate Expand, Blink Stalkers, Zealot Archon 

Get SALT Encoding   

  12  0:00  Probe  
  13  0:12  Probe  
  14  0:16  Pylon  
  14  0:24  Probe (Chrono Boost)  
  16  0:36  Gateway, Probe (Chrono Boost)  
  16  0:43  Probe (Chrono Boost)  
  16  0:45  Assimilator  
  17  0:50  Probe  
  18  1:03  Probe  
  19  1:15  Probe  
  20  1:24  Cybernetics Core  
  20  1:32  Nexus  
  20  1:36  Probe  
  21  1:43  Pylon  
  21  1:48  Assimilator  
  21  1:51  Probe  
  22  1:58  Adept (Chrono Boost)  
  22  2:00  Warp Gate (Chrono Boost)  
  24  2:04  Probe  
  25  2:16  Probe (Chrono Boost)  
  25  2:21  Stalker  
  28  2:28  Probe (Chrono Boost)  
  29  2:35  Probe (Chrono Boost)  
  29  2:36  Twilight Council  
  31  2:44  Probe (Chrono Boost)  
  31  2:46  Probe (Chrono Boost)  
  32  2:56  Stalker, Probe (Chrono Boost)  
  36  2:58  Probe (Chrono Boost)  
  36  3:00  Probe (Chrono Boost)  
  36  3:05  Gateway  
  37  3:07  Probe  
  37  3:11  Probe  
  39  3:12  Blink (Chrono Boost)  
  39  3:25  Pylon  
  39  3:28  Probe  
  39  3:29  Probe  
  41  3:34  Robotics Facility  
  41  3:41  Gateway, Probe  
  42  3:43  Probe  
  42  3:46  Stalker  
  45  3:53  Probe  
  45  3:55  Probe  
  47  3:58  Assimilator  
  47  4:00  Stalker  
  47  4:02  Assimilator  
  49  4:05  Probe  
  49  4:07  Pylon  
  50  4:11  Stalker  
  50  4:12  Probe  
  53  4:18  Probe  
  54  4:25  Observer (Chrono Boost), Probe  
  54  4:26  Stalker  
  54  4:30  Probe  
  59  4:37  Probe  
  54  4:40  Stalker  
  51  4:45  Probe (Chrono Boost)  
  51  4:49  Probe (Chrono Boost)  
  52  4:53  Stalker  
  56  5:01  Probe (Chrono Boost)  
  56  5:02  Probe (Chrono Boost)  
  56  5:06  Probe (Chrono Boost)  
  56  5:10  Probe (Chrono Boost)  
  56  5:11  Nexus  
  58  5:14  Pylon  
  58  5:16  Probe (Chrono Boost)  
  60  5:27  Probe x2 (Chrono Boost)  
  60  5:28  Stalker  
  63  5:38  Stalker  
  63  5:40  Probe  
  63  5:41  Probe  
  62  5:53  Templar Archives, Probe (Chrono Boost)  
  62  5:55  Probe (Chrono Boost)  
  64  6:02  Gateway  
  65  6:04  Gateway, Charge  
  65  6:05  Probe (Chrono Boost)  
  65  6:08  Probe (Chrono Boost)  
  65  6:10  Probe (Chrono Boost)  
  65  6:16  Probe  
  66  6:19  Probe  
  66  6:22  Psionic Storm  
  66  6:23  Stalker  
  67  6:27  Probe (Chrono Boost)  
  67  6:28  Probe (Chrono Boost)  
  67  6:31  Probe (Chrono Boost)  
  69  6:38  High Templar  
  69  6:39  Probe (Chrono Boost)  
  74  6:40  Gateway  
  74  6:41  Probe x2 (Chrono Boost)  
  74  6:44  Probe (Chrono Boost)  
  74  6:45  Gateway  
  74  6:46  Probe  
  74  6:47  High Templar  
  77  6:52  Probe  
  79  6:54  Probe  
  79  6:56  Gateway  
  79  6:59  High Templar  
  82  7:01  Probe  
  82  7:05  Pylon  
  84  7:12  High Templar, Pylon  
  85  7:16  Gateway  
  85  7:18  Pylon  
  85  7:19  Shield Battery  
  85  7:20  Immortal (Chrono Boost)  
  85  7:24  Pylon  
  85  7:27  Zealot  
  85  7:28  Observer  
  91  7:31  Zealot  
  91  7:36  Zealot x2  
  97  7:44  Zealot x2  
  97  7:48  Pylon  
  97  7:50  High Templar x2  
  105  7:52  Zealot  
  107  7:59  Archon  
  107  8:02  Zealot x2  
  107  8:04  Pylon  
  107  8:05  Zealot x2  
  115  8:07  Pylon  
  109  8:23  Immortal  
  109  8:24  Zealot x5  
  123  8:28  Zealot x2  
  127  8:35  Probe x2  
  127  8:36  Probe  
  127  8:39  Assimilator  
  130  8:44  Forge  
  130  8:51  Probe x3  
  130  8:53  Pylon  
  133  9:02  Warp Prism  
  131  9:09  High Templar x3  
  120  9:10  Zealot x4  
  120  9:15  Archon  
  120  9:16  Protoss Ground Weapons Level 1 (Chrono Boost), Robotics Bay  
  128  9:22  Archon  
  128  9:37  Stalker x3  
  132  9:38  Nexus  
  132  9:41  Pylon  
  132  9:44  High Templar  
  126  9:48  Pylon  
  126  9:54  Photon Cannon  
  126  9:55  Assimilator  
  126  9:57  Photon Cannon  
  126  10:05  Robotics Facility  
  126  10:06  Extended Thermal Lance  
  132  10:09  Stalker  
  132  10:11  Zealot  
  136  10:23  Shield Battery  
  136  10:25  Zealot x5  
  142  10:33  Zealot x2  
  138  10:36  Archon  
  130  10:45  Gateway  
  130  10:46  Gateway  
  130  10:47  Zealot x6  
  138  10:56  Zealot x2  
  97  11:09  High Templar x4  
  97  11:10  Zealot  
  89  11:18  Zealot x2  
  90  11:34  High Templar  
  90  11:36  Pylon  
  90  11:39  High Templar x2  
  91  11:44  Zealot x4  
  99  11:50  Archon  
  99  11:51  Archon  
  97  12:06  Gateway  
  97  12:08  Zealot  
  85  12:09  Gateway  
  85  12:10  Gateway  
  85  12:13  Probe (Chrono Boost)  
  81  12:18  Probe x2 (Chrono Boost)  
  81  12:24  Probe (Chrono Boost)  
  81  12:27  Probe (Chrono Boost), Pylon  
  81  12:28  Probe x2 (Chrono Boost)  
  81  12:29  Pylon  
  83  12:32  Stalker  
  86  12:37  Probe  
  86  12:39  Probe x2  
  89  12:49  Stalker  
  89  12:50  Pylon  
  92  12:51  Probe (Chrono Boost)  
  92  12:52  Probe (Chrono Boost)  
  92  12:53  Probe (Chrono Boost)  
  94  13:00  Stalker  
  94  13:02  Probe (Chrono Boost)  
  94  13:03  Probe (Chrono Boost)  
  94  13:04  Stalker  
  101  13:06  Probe (Chrono Boost)  
  101  13:08  Probe x2 (Chrono Boost)  
  103  13:13  Probe  
  102  13:20  Stalker  
  102  13:21  Stalker x3  
Show
View Real Time Build Order
Export as new Build Order

Dolan Terran 

Build Orders: Liberator Opening 

Get SALT Encoding   

  12  0:00  SCV  
  13  0:12  SCV  
  14  0:16  Supply Depot  
  14  0:24  SCV  
  15  0:38  SCV  
  15  0:40  Barracks  
  16  0:42  Refinery  
  16  0:51  SCV  
  17  1:03  SCV  
  18  1:16  SCV  
  19  1:27  Marine  
  19  1:28  Orbital Command  
  20  1:41  Command Center  
  20  1:53  Factory  
  20  1:55  SCV  
  21  2:03  Barracks Reactor  
  21  2:07  Bunker  
  21  2:09  SCV  
  22  2:15  Supply Depot  
  22  2:20  Refinery  
  23  2:22  SCV  
  23  2:37  SCV  
  23  2:42  Starport  
  24  2:49  Hellion, SCV  
  24  2:50  Hellion  
  29  2:58  Orbital Command  
  29  3:02  Reaper  
  29  3:04  SCV  
  31  3:14  Hellion  
  31  3:15  Hellion  
  35  3:23  Liberator  
  38  3:35  SCV x2  
  38  3:37  Hellion x2  
  38  3:38  Barracks Tech Lab  
  44  3:41  Supply Depot  
  44  3:47  Supply Depot  
  44  3:49  SCV  
  44  3:50  SCV  
  46  4:03  SCV x2  
  46  4:05  Marine x2  
  46  4:07  Siege Tank  
  53  4:12  Liberator  
  56  4:17  SCV x2  
  58  4:28  Barracks  
  58  4:29  Barracks  
  52  4:41  SCV x2  
  52  4:44  Siege Tank, Marine x2  
  52  4:52  Engineering Bay  
  52  4:53  SCV, Refinery  
  52  4:54  SCV  
  54  5:01  Bunker  
  54  5:05  Bunker  
  54  5:06  Marine x2, SCV x2  
  58  5:18  SCV x2  
  60  5:21  Terran Infantry Weapons Level 1  
  60  5:22  Barracks Tech Lab x2  
  57  5:30  SCV x2  
  57  5:34  Marine  
  57  5:35  Marine  
  61  5:38  Barracks  
  61  5:40  Barracks  
  61  5:42  SCV  
  62  5:48  Stimpack  
  62  5:49  Starport Reactor  
  62  5:53  Siege Tank, SCV, Marine x2  
  68  6:03  SCV  
  69  6:05  SCV  
  69  6:08  Marine  
  70  6:14  Marine  
  70  6:17  Marauder  
  69  6:18  SCV  
  69  6:24  SCV  
  69  6:25  Combat Shield, Marauder  
  70  6:29  Refinery  
  70  6:30  Supply Depot x2  
  70  6:31  Barracks Reactor  
  70  6:32  Starport Reactor, SCV  
  68  6:35  Factory Reactor  
  68  6:37  SCV  
  69  6:48  Supply Depot  
  69  6:49  Marauder x2, Marine x2  
  69  6:50  Concussive Shells, Marauder, Supply Depot  
  77  6:56  Supply Depot  
  77  7:12  Supply Depot  
  77  7:15  Marauder x3, Marine x4  
  87  7:17  Medivac  
  87  7:18  Medivac  
  91  7:26  Widow Mine x2  
  95  7:33  Marine x4  
  95  7:36  Marauder x3  
  104  7:48  Medivac x2, Widow Mine x2  
  112  7:58  SCV x2  
  113  7:59  Marauder x2, Marine x3  
  113  8:00  Marine, Marauder  
  113  8:04  Terran Infantry Armor Level 1, Supply Depot  
  123  8:05  Supply Depot  
  119  8:17  Marine x2  
  120  8:21  Marauder x2  
  120  8:24  Ghost Academy  
  121  8:32  Command Center  
  119  8:38  Medivac x2  
  119  8:40  Widow Mine x2  
  125  8:54  Ghost  
  125  8:55  Ghost  
  129  8:58  Ghost  
  105  9:11  Marine x4  
  105  9:12  Medivac  
  105  9:13  Widow Mine x2  
  115  9:19  SCV x2  
  117  9:26  Marauder x2  
  117  9:27  Marauder  
  117  9:29  Marine x4  
  119  9:40  SCV x2  
  119  9:43  Widow Mine x2, Medivac  
  123  9:52  SCV  
  123  9:53  Marauder x3, Marine x4  
  134  10:07  Widow Mine x2  
  134  10:14  Marauder, Marine  
  129  10:41  Marauder x2, Marine x2  
  85  11:04  Marine x2  
  85  11:05  Marauder x2  
  75  11:21  Marine x2  
  64  11:44  Orbital Command  
  41  12:06  Ghost  
  42  12:16  Marine x2  
  42  12:28  Marine x2  
  39  12:36  Ghost  
  41  12:49  Widow Mine x2  
  45  12:51  Marine  
  46  13:09  SCV  
  49  13:13  Widow Mine x2  
  49  13:14  Marine x2  
Tags
 
Add a new tag
Caveats
  • Supply blocks, unpowered buildings, or Contaminate may cause inaccurate times.
  • Supply counts are checked every 10 seconds.